 Dungeon Crawl Stone Soup version 0.21-a0-371-gd56c60c (webtiles) character file.

49 RavioliGavrioli the Sneak (level 3, 0/24 HPs)
             Began as an Octopode Assassin on Oct 16, 2017.
             Slain by an orc wizard
             ... wielding a +0 dagger
              (6 damage)
             ... on level 2 of the Dungeon.
             The game lasted 00:01:59 (1198 turns).

RavioliGavrioli the Sneak (Octopode Assassin)       Turns: 1198, Time: 00:01:59

Health: 0/24       AC:  1    Str: 10    XL:     3   Next: 75%
Magic:  3/3        EV: 13    Int: 13    God:
Gold:   133        SH:  0    Dex: 14    Spells: 2/2 levels left

rFire    . . .     SeeInvis .   a - +2 dagger
rCold    . . .     Gourm    .   (no shield)
rNeg     . . .     Faith    .   (helmet restricted)
rPois    .         Spirit   .   (no amulet)
rElec    .         Reflect  .   (no ring)
rCorr    .         Harm     .   (no ring)
MR       .....                  (no ring)
Stlth    ++++......             (no ring)
HPRegen  0.08/turn              (no ring)
MPRegen  0.08/turn              (no ring)
                                (no ring)
                                (no ring)

@: no status effects
A: almost no armour, stealthy swim, amphibious, 8 rings, constrict 8, camouflage
1, gelatinous body 1
a: no special abilities


You were on level 2 of the Dungeon.
You were hungry.

You visited 1 branch of the dungeon, and saw 2 of its levels.

You collected 133 gold pieces.

Inventory:

Hand Weapons
 a - a +2 dagger (weapon)
 b - a +0 blowgun
Missiles
 c - 14 poisoned needles
 d - 2 curare-tipped needles
Scrolls
 e - 2 scrolls of amnesia {unknown}
Potions
 g - a potion of flight {unknown}
Comestibles
 f - a bread ration


   Skills:
 - Level 2.0 Fighting
 * Level 3.4 Short Blades
 - Level 2.0 Throwing
 - Level 1.0 Dodging
 + Level 6.0 Stealth


You had 2 spell levels left.
You didn't know any spells.

Dungeon Overview and Level Annotations

Branches:
Dungeon (2/15)

Altars:


Innate Abilities, Weirdness & Mutations

You cannot wear most types of armour.
You are very stealthy in the water. (Stealth+)
You are amphibious.
You can wear up to eight rings at the same time.
You can use your tentacles to constrict eight enemies at once.
Your skin changes colour to match your surroundings (Stealth+).
Your rubbery body absorbs attacks. (AC +1, EV +1)


Message History

You hit the orc. You grab the orc.
The orc is lightly wounded.
You constrict the orc. The orc barely misses you.
You hit the orc. You squeeze the orc.
You kill the orc!
The orc hits you.
You are too injured to fight recklessly!
You are too injured to fight recklessly!
You are too injured to fight recklessly!
You closely miss the orc wizard. You grab the orc wizard.
You squeeze the orc wizard.
The orc wizard is moderately wounded.
You constrict the orc wizard. The orc closely misses you.
You hit the orc wizard.
The orc wizard is heavily wounded.
You constrict the orc wizard.
The orc wizard escapes!
The orc hits you. The orc wizard hits you with a dagger.
* * * LOW HITPOINT WARNING * * *
The orc misses you. The orc wizard hits you with a dagger.
You die...

#.. #.# ...... #.# ..........#
# #.# #........(...)## #.#
....(....g.#...# ####.#
........o....#.. #....#
####...........#...#
###.##.###...........o.......
##
#..........o@o..........#...#
.####.#.#####...og#....[...o..#
.##.....# #...)#...........##
.##.#.#[# #...###..........<#
........# ....## .........#...#
.##.#.#.# .###.. .........##.#
.##.....## ##.. ##....... .#
...)#.### .# #....... # .##.#.#
.# ###......


You could see an orc wizard, 2 orcs and a goblin.

Vanquished Creatures
  2 oozes (D:1)
  2 leopard geckos (D:1)
  2 orcs (D:2)
  A ball python (D:1)
  2 bats (D:1)
  A giant cockroach (D:1)
  3 goblins
  3 hobgoblins
  4 jackals (D:1)
  3 frilled lizards
  3 kobolds
  9 rats
35 creatures vanquished.

Notes
Turn   | Place    | Note
-------+----------+-------------------------------------------
     0 | D:1      | RavioliGavrioli the Octopode Assassin began the quest for the Orb.
     0 | D:1      | Reached XP level 1. HP: 14/14 MP: 1/1
    84 | D:1      | Reached XP level 2. HP: 15/19 MP: 2/2
   658 | D:1      | Reached XP level 3. HP: 24/24 MP: 3/3
  1061 | D:2      | Reached skill level 6 in Stealth
  1198 | D:2      | Slain by an orc wizard

Vault maps used:
D:1:      matt_arrival_los_fun
D:2:      kennysheep_flooded_box, uniq_crazy_yiuf_cottage

Skill      XL: |  1  2  3 |
---------------+----------+-----
Short Blades   | 3 |  3.4
Stealth        | 6 |  6.0
Fighting       | |  2.0
Throwing       | |  2.0
Dodging        | |  1.0

Action                   || total
-------------------------++-------
Melee: Dagger            ||    63
       Constrict         ||    15
       Tentacles         ||     8
 Stab: Sleeping          ||    12
       Distracted        ||     1
Armor: Skin              ||     3
Dodge: Dodged            ||    36

Table legend:
 A = Spawn XP
 B = Non-spawn XP
 C = Spawn XP percentage of total XP
 D = Spawn monster count
 E = Non-spawn monster count
 F = Spawn count percentage of total count
 G = Total turns spent on level
                    A         B        C        D         E        F      G
               +---------+---------+-------+---------+---------+-------+---------
         Total |       0 |      70 |   0.0 |       0 |      35 |   0.0 |  1198
               +---------+---------+-------+---------+---------+-------+---------
           D:1 |       0 |      55 |   0.0 |       0 |      27 |   0.0 |  1015
           D:2 |       0 |      15 |   0.0 |       0 |       8 |   0.0 |   183
               +---------+---------+-------+---------+---------+-------+---------
